 Dungeon Crawl Stone Soup version 0.20.0-8-g6b59dc7 (webtiles) character file.

1441 MTVSty1e the Skirmisher (level 8, 0/70 HPs)
             Began as a Red Draconian Transmuter on May 30, 2017.
             Slain by a killer bee (2 damage)
             ... on level 5 of the Dungeon.
             The game lasted 00:22:42 (7830 turns).

MTVSty1e the Skirmisher (Red Draconian Transmuter)  Turns: 7830, Time: 00:22:44

Health: 0/70       AC:  8    Str: 14    XL:     8   Next: 46%
Magic:  12/13      EV: 13    Int: 15    God:
Gold:   163        SH:  0    Dex: 11    Spells: 6/14 levels left

rFire    + . .     SeeInvis .     - Unarmed
rCold    + . .     Gourm    .   (no shield)
rNeg     . . .     Faith    .   (armour unavailable)
rPois    +         Spirit   .   (helmet restricted)
rElec    .         Reflect  .   i - +0 cloak
rCorr    .         Harm     .   f - +0 pair of gloves
MR       .....                  (no boots)
Stlth    +.........             (no amulet)
Regen    0.3/turn               d - ring of poison resistance
MPRegen  0.2/turn               o - ring of protection from cold

@: lethally poisoned (0 -> -1), appendage, drained
A: breathe fire, unfitting armour, horns 2, fire resistance 1, cold-blooded, AC
+6
a: Breathe Fire, End Transformation


You were on level 5 of the Dungeon.
You were not hungry.
You had grown temporary horns.
You visited 1 branch of the dungeon, and saw 6 of its levels.

You collected 163 gold pieces.

Inventory:

Missiles
 a - 8 arrows
Armour
 f - a +0 pair of gloves (worn)
 i - a +0 cloak (worn)
 n - a +2 shield
Jewellery
 d - a ring of poison resistance (left hand)
 j - an uncursed ring of protection from fire
 o - a ring of protection from cold (right hand)
 r - an uncursed ring of stealth
 w - an uncursed ring of see invisible {unknown}
Wands
 t - a wand of enslavement (0/24)
Scrolls
 m - 3 scrolls of fog
 u - 2 scrolls of identify
 v - a scroll of fear
 x - a scroll of teleportation
Potions
 e - a potion of mutation {unknown}
 g - 2 potions of heal wounds
 h - 5 potions of flight
 k - 2 potions of brilliance {unknown}
 l - 2 potions of might {unknown}
 p - a potion of agility {unknown}
 q - 2 potions of curing
 s - a potion of ambrosia {unknown}
Books
 b - a book of Changes

   Spells                             Type                      Level
   a - Beastly Appendage              Transmutation                1
   b - Sticks to Snakes               Transmutation                2
   c - Spider Form                    Transmutation/Poison         3
   d - Ice Form                       Ice/Transmutation            4
   e - Blade Hands                    Transmutation                5
Comestibles
 c - 5 bread rations


   Skills:
 * Level 5.9(5.6) Fighting
 + Level 3.4(3.1) Dodging
 * Level 3.2(2.8) Shields
 + Level 5.3(5.0) Unarmed Combat
 + Level 3.6(3.3) Spellcasting
 * Level 5.3(5.0) Transmutations


You had 6 spell levels left.
You knew the following spells:

 Your Spells              Type           Power        Failure   Level  Hunger
a - Beastly Appendage     Tmut           ###...       2%          1    None
b - Sticks to Snakes      Tmut           ###.....     3%          2    ##.....
c - Blade Hands           Tmut           ###.......   56%         5    ######.


Dungeon Overview and Level Annotations

Branches:
Dungeon (6/15)
 Temple: D:4-7

Altars:
Hepliaklqana
Kikubaaqudgha
Qazlal
Trog
Uskayaw

Annotations:
D:3 2 transporters


Innate Abilities, Weirdness & Mutations

You can breathe blasts of fire.
Your fiery red scales are hard. (AC +6)
You cannot fit into any form of body armour.
Your flesh is heat resistant. (rF+)
You are cold-blooded and may be slowed by cold attacks.
You have a pair of horns on your head.


Message History

The killer bee stings you!
* * * LOW HITPOINT WARNING * * *
The killer bee closely misses you.
You closely miss the killer bee.
The killer bee is lightly wounded.
The killer bee stings you but does no damage.
The killer bee closely misses you.
You barely miss the killer bee. You headbutt the killer bee!
The killer bee is heavily wounded.
The killer bee closely misses you. The killer bee stings you!
* * * LOW HITPOINT WARNING * * *
You miss the killer bee. Your headbutt misses the killer bee.
The killer bee is heavily wounded.
You feel sick. The killer bee barely misses you.
You barely miss the killer bee. Your headbutt misses the killer bee.
The killer bee is heavily wounded.
The killer bee stings you.
* * * LOW HITPOINT WARNING * * *
The killer bee stings you.
You die...

#>...##............#......##
#..#.##..........#..###.##.<
#..#.###....................
#..#.####......#.####.#.#..#
##..#.##...######..........##
#...#.##...########(.#.#..##
#..##..#.................##
###.####..##.y...#.##.####.####
#.....#.......@....##..###.....
#.....#....(..##...###....#####
#.....#...........[# ####..##
#.....########.###.#######..###
#....<# ##.# #.....####....
#.....# #..# #.......######
#.....# #.## ######...##
#.....# ####.# ###..###
#.....####.)..# ##......##


You could see a killer bee.

Vanquished Creatures
  Eustachio (D:4)
  An ice beast (D:4)
  2 ogres (D:4)
  A bullfrog (D:4)
  A scorpion (D:4)
  A killer bee (D:6)
  A howler monkey (D:3)
  3 crimson imps
  A quasit (D:4)
  A hound (D:4)
  7 orc priests
  Crazy Yiuf (D:4)
  An iguana (D:4)
  Ijyb (D:4)
  6 orc wizards
  2 worker ants
  6 adders
  3 howler monkey skeletons (D:4)
  An ooze (D:3)
  An adder skeleton (D:5)
  3 worms
  A dart slug (D:1)
  A leopard gecko (D:1)
  18 orcs
  2 ball pythons
  5 giant cockroaches
  12 hobgoblins
  11 jackals
  6 quokkas
  7 bats
  2 frilled lizards
  3 goblins
  6 kobolds
  A leopard gecko skeleton (D:5)
  8 rats
128 creatures vanquished.

Vanquished Creatures (collateral kills)
  An orc wizard (D:3)
  An orc (D:4)
  A bat (D:3)
3 creatures vanquished.

Grand Total: 131 creatures vanquished

Notes
Turn   | Place    | Note
-------+----------+-------------------------------------------
     0 | D:1      | MTVSty1e the Draconian Transmuter began the quest for the Orb.
     0 | D:1      | Reached XP level 1. HP: 16/16 MP: 3/3
   126 | D:1      | Reached XP level 2. HP: 20/23 MP: 3/5
   458 | D:1      | Learned a level 2 spell: Sticks to Snakes
  1128 | D:2      | Reached XP level 3. HP: 20/29 MP: 4/6
  1750 | D:2      | Found a stormy altar of Qazlal.
  2178 | D:2      | Reached XP level 4. HP: 25/37 MP: 5/7
  2563 | D:2      | Found a hide-covered altar of Uskayaw.
  3448 | D:3      | Reached XP level 5. HP: 35/45 MP: 8/8
  3488 | D:3      | Found an ancient bone altar of Kikubaaqudgha.
  3554 | D:3      | Learned a level 5 spell: Blade Hands
  3596 | D:3      | Found a faded altar of an unknown god.
  4058 | D:3      | Reached XP level 6. HP: 46/52 MP: 9/9
  4059 | D:3      | Found a transporter.
  4071 | D:3      | Found a transporter.
  4836 | D:4      | Your scales start taking on a fiery red colour.
  4836 | D:4      | Reached XP level 7. HP: 44/60 MP: 11/11
  4836 | D:4      | Gained mutation: Your flesh is heat resistant. (rF+) [Red Draconian growth]
  5251 | D:4      | Found a bloodstained altar of Trog.
  5251 | D:4      | Found a hazy altar of Hepliaklqana.
  5392 | D:4      | Noticed Eustachio
  5426 | D:4      | Noticed Ijyb
  5453 | D:4      | Reached skill level 1 in Shields
  5453 | D:4      | Killed Eustachio
  5453 | D:4      | Reached skill level 5 in Fighting
  5649 | D:4      | Killed Ijyb
  6117 | D:4      | Reached skill level 5 in Unarmed Combat
  6301 | D:4      | Reached XP level 8. HP: 40/68 MP: 13/13
  6656 | D:4      | Reached skill level 5 in Transmutations
  6873 | D:4      | Found a runed door.
  6878 | D:4      | Noticed Crazy Yiuf
  6895 | D:4      | Killed Crazy Yiuf
  6948 | D:5      | Entered Level 5 of the Dungeon
  7830 | D:5      | HP: 2/70 [killer bee (4)]
  7830 | D:5      | Slain by a killer bee

Skill      XL: |  1  2  3  4  5  6  7  8 |
---------------+-------------------------+-----
Fighting       | 2 3 4 5 |  5.9
Unarmed Combat | 4 5 |  5.3
Dodging        | 2 3 |  3.4
Transmutations | 3 4 5 |  5.3
Spellcasting   | 3 |  3.6
Shields        | 2 3 |  3.2

Action                   |  1- 3 |  4- 6 |  7- 9 || total
-------------------------+-------+-------+-------++-------
Melee: Unarmed           |   183 |   217 |   363 ||   763
       Tailslap          |     8 |    24 |    31 ||    63
       Kick              |    13 |     7 |    44 ||    64
       Punch             |     4 |     4 |     6 ||    14
       Headbutt          |     8 |    18 |    17 ||    43
 Cast: Beastly Appendage |    23 |    28 |    27 ||    78
       Sticks to Snakes  |       |    10 |    12 ||    22
 Abil: Breathe Fire      |       |       |     4 ||     4
  Use: Scroll            |     4 |     6 |     1 ||    11
       Potion            |       |     2 |     1 ||     3
 Stab: Sleeping          |       |       |     1 ||     1
  Eat: Meat ration       |     1 |     1 |     1 ||     3
       Fruit             |       |     2 |       ||     2
       Royal jelly       |       |     2 |       ||     2
       Bread ration      |       |       |     2 ||     2
Armor: Skin              |    44 |    73 |   127 ||   244
Dodge: Dodged            |   126 |   142 |   245 ||   513
